 Dungeon Crawl Stone Soup version 0.28-a0-476-g0f06bd746f (webtiles) character file.

Game seed: 13439151652849117832

1250 pepper333 the Ducker (level 8, -4/68 HPs)
             Began as a Green Draconian Berserker on Sept 16, 2021.
             Was an Elder of Trog.
             Killed from afar by a white imp (11 damage)
             ... with a puff of frost
             ... on level 5 of the Dungeon.
             The game lasted 00:13:41 (3929 turns).

pepper333 the Ducker (Green Draconian Berserker)    Turns: 3929, Time: 00:13:41

Health: -4/68      AC:  6    Str: 16 (19) XL:     8   Next: 26%
Magic:  8/8        EV: 13    Int:  7 (8)  God:    Trog [****..]
Gold:   279        SH:  0    Dex: 10 (13) Spells: 7/7 levels left

rFire   . . .      SeeInvis +   j - +2 spear (vamp)
rCold   . . .      Faith    .   (no shield)
rNeg    . . .      Spirit   .   (armour unavailable)
rPois   +          Reflect  .   (helmet restricted)
rElec   .          Harm     .   (no cloak)
rCorr   +          Rampage  .   (no gloves)
Will    .....                   (no boots)
Stlth   ++........              d - amulet of regeneration
HPRegen 1.21/turn               m - ring of resist corrosion
MPRegen 0.11/turn               c - ring of see invisible

@: mighty
A: breathe noxious fumes, AC +6, unfitting armour, poison resistance,
cold-blooded
a: Breathe Noxious Fumes, Renounce Religion, Berserk, Trog's Hand, Brothers in
Arms


You were on level 5 of the Dungeon.
You worshipped Trog.
Trog was greatly pleased with you.
You visited 1 branch of the dungeon, and saw 5 of its levels.

You collected 279 gold pieces.

Inventory:

Hand Weapons
 a - a +1 falchion
 h - a +2 falchion of holy wrath
 j - a +2 vampiric spear (weapon)
Jewellery
 b - a +6 ring of intelligence
 c - a ring of see invisible (right hand)
 d - an amulet of regeneration (around neck)
 m - a ring of resist corrosion (left hand)
 n - a +6 ring of strength
 t - an amulet of the acrobat
Wands
 f - a wand of mindburst (17)
 l - a wand of charming (9)
 o - a wand of paralysis (1)
 s - a wand of flame (9)
Scrolls
 i - a scroll of fear {unknown}
 k - a scroll of noise {unknown}
 p - a scroll of teleportation
 q - a scroll of enchant weapon


   Skills:
 + Level 5.3 Fighting
 + Level 5.4 Long Blades
 + Level 4.5 Polearms
 + Level 6.0 Dodging
 + Level 2.0 Stealth


You had 7 spell levels left.
You didn't know any spells.
Your spell library contained the following spells:

 Spells                   Type           Power      Damage    Failure   Level
 Summon Small Mammal      Summ           0%         N/A       43%         1
 Call Canine Familiar     Summ           0%         N/A       80%         3
 Summon Guardian Golem    Hex/Summ       0%         N/A       80%         3


Dungeon Overview and Level Annotations

Branches:
Dungeon (5/15)             Temple (0/1) D:4

Altars:
Wu Jian


Innate Abilities, Weirdness & Mutations

You can breathe blasts of noxious fumes.
Your lurid green scales are hard. (AC +6)
You cannot fit into any form of body armour.
Your system is resistant to poisons. (rPois)
You are cold-blooded and may be slowed by cold attacks.


Message History

You feel weakened.
You feel dopey.
You feel clumsy. The adder bites you but does no damage.
The orc barely misses you.
The white imp lashes its tail.
The white imp hits you.
* * * LOW HITPOINT WARNING * * *
The white imp freezes you.
You feel as though you will be slow longer.
* * * LOW HITPOINT WARNING * * *
The adder bites you but does no damage.
Unknown command.
You feel very mighty all of a sudden. The adder misses you.
The orc hits you with a +0 whip.
* * * LOW HITPOINT WARNING * * *
The white imp closely misses you. The adder bites you but does no damage.
The orc hits you with a +0 whip.
* * * LOW HITPOINT WARNING * * *
The white imp closely misses you.
Press: ? - help, Shift-Dir - straight line, f - orc
Aim: an orc, wielding a +0 whip and wearing a +0 ring mail You fail to use your ability.
The adder closely misses you. The orc hits you but does no damage.
The white imp hits you.
* * * LOW HITPOINT WARNING * * *
The white imp freezes you.
You feel as though you will be slow longer.
* * * LOW HITPOINT WARNING * * *
The adder closely misses you.
Blink to where?
Press: ? - help, Dir - move target, p - orc
As you read the scroll of blinking, it crumbles to dust.
The white imp puffs mist at you.
You feel yourself speed up. The adder closely misses you.
The white imp laughs crazily.
The white imp gestures at you. The puff of frost hits you!
* * * LOW HITPOINT WARNING * * *
The adder misses you. The white imp gestures at you.
The puff of frost hits you!
You die...

##.#### #.###
##...#.##.....
##...##.#.........##
##...........#.......
#...........##....... ##
##...>.........)...##
#..##............#...#..
.............>.......#.⌠
#.##..@.............#.. #
#.S...........#..†##
###..#...##...........
#..o....)#...#........ ##
##.5....##...##.......
#.####..#..###...###......
........##.......# #.#....
.....##..#...........###..
......#..###........^.....


You could see an adder, a white imp and an orc.

Vanquished Creatures
  Grinder (D:4)
  An ice beast (D:3)
  A necrophage (D:4)
  A sky beast (D:5)
  An ogre (D:4)
  3 scorpions (D:5)
  3 jellies (D:5)
  An orc priest (D:5)
  2 hounds
  Ijyb (D:4)
  Natasha (thrice) (D:4)
  An iguana (D:5)
  An orc wizard (D:4)
  4 gnolls
  6 adders
  2 dart slugs (D:1)
  3 worms (D:2)
  16 orcs
  3 bats (D:1)
  3 endoplasms (D:1)
  A giant cockroach (D:3)
  6 hobgoblins
  6 jackals
  4 quokkas
  7 ball pythons
  5 frilled lizards
  4 goblins
  14 kobolds
  4 rats
108 creatures vanquished.

Notes
Turn   | Place    | Note
-------+----------+-------------------------------------------
     0 | D:1      | pepper333 the Draconian Berserker began the quest for the
                  | Orb.
     0 | D:1      | Reached XP level 1. HP: 19/19 MP: 1/1
   167 | D:1      | Reached XP level 2. HP: 26/26 MP: 2/2
   453 | D:1      | Reached skill level 3 in Dodging
   837 | D:1      | Reached ** piety under Trog
   838 | D:1      | Reached XP level 3. HP: 31/31 MP: 3/3
  1282 | D:2      | Reached XP level 4. HP: 15/40 MP: 4/4
  1539 | D:2      | Found a faded altar of an unknown god.
  1907 | D:2      | Reached XP level 5. HP: 46/46 MP: 5/5
  2163 | D:3      | Noticed an ice beast
  2208 | D:3      | Killed an ice beast
  2209 | D:3      | Reached skill level 5 in Long Blades
  2209 | D:3      | Reached skill level 4 in Dodging
  2209 | D:3      | Reached XP level 6. HP: 33/52 MP: 6/6
  2664 | D:4      | Found a staircase to the Ecumenical Temple.
  2688 | D:4      | Reached skill level 1 in Polearms
  2707 | D:4      | Found an ornate altar of the Wu Jian Council.
  2708 | D:4      | Noticed Ijyb
  2726 | D:4      | Paralysed by Ijyb for 4 turns
  2741 | D:4      | Killed Ijyb
  2987 | D:4      | Noticed Natasha
  3016 | D:4      | Killed Natasha
  3016 | D:4      | Reached *** piety under Trog
  3028 | D:4      | Reached skill level 1 in Stealth
  3028 | D:4      | Your scales start taking on a lurid green colour.
  3028 | D:4      | Reached XP level 7. HP: 40/60 MP: 7/7
  3028 | D:4      | Gained mutation: Your system is resistant to poisons.
                  | (rPois) [Green Draconian growth]
  3038 | D:4      | Noticed Natasha
  3045 | D:4      | Killed Natasha
  3102 | D:4      | Noticed Natasha
  3113 | D:4      | Killed Natasha
  3469 | D:4      | Noticed Grinder
  3514 | D:4      | Killed Grinder
  3515 | D:4      | Reached skill level 5 in Dodging
  3683 | D:5      | Entered Level 5 of the Dungeon
  3787 | D:5      | Reached skill level 5 in Fighting
  3807 | D:5      | Reached XP level 8. HP: 61/68 MP: 8/8
  3883 | D:5      | Reached skill level 6 in Dodging
  3900 | D:5      | Reached **** piety under Trog
  3929 | D:5      | Killed from afar by a white imp

Illustrated notes

Levels and vault maps discovered:
D:1:      amcnicky_arrival_underground_garden, layout_basic
D:2:      layout_basic, ebering_ecumenical_altar_ruins,
          kennysheep_generic_room_15
D:3:      layout_rooms
D:4:      layout_basic, nzn_wu_jian_contemplation,
          minmay_temple_entry_antechambers, nrook_uturn, uniq_grinder,
          uniq_natasha, uniq_ijyb
D:5:      layout_cave_pools, fountainhead, grunt_ministairs_14

Skill      XL: |  1  2  3  4  5  6  7  8 |
---------------+-------------------------+-----
Dodging        | 3 4 5 6 |  6.0
Long Blades    | 4 5 |  5.4
Fighting       | 4 5 |  5.3
Polearms       | 1 4 |  4.5
Stealth        | 1 2 |  2.0

Action                   |  1- 3 |  4- 6 |  7- 9 || total
-------------------------+-------+-------+-------++-------
Melee: Falchion          |    98 |    95 |       ||   193
       Tailslap          |    13 |    28 |    32 ||    73
       Spear             |       |   109 |   149 ||   258
Invok: Berserk           |       |     1 |       ||     1
  Use: Scroll            |     1 |     5 |     1 ||     7
       Potion            |       |     2 |     3 ||     5
Armor: Skin              |    55 |    66 |    72 ||   193
Dodge: Dodged            |   129 |   208 |   180 ||   517

Table legend: (Time is in decaauts)
 A = Elapsed time spent in this place.
 B = Non-inter-level travel time spent in this place.
 C = Inter-level travel time spent in this place.
 D = Time resting spent in this place.
 E = Time spent auto-exploring this place.
 F = Levels seen in this place.
 G = Mean time per level.
                   A        B        C        D        E       F      G
               +--------+--------+--------+--------+--------+-----+--------+
         Total |   3977 |   3970 |      7 |      0 |   1974 |   5 |  795.4 |
       Dungeon |   3977 |   3970 |      7 |      0 |   1974 |   5 |  795.4 |
               +--------+--------+--------+--------+--------+-----+--------+

Top non-repeatable levels by time:
     D:1: 1229 daAuts
     D:4: 1092 daAuts
     D:2: 717 daAuts
     D:3: 699 daAuts
     D:5: 238 daAuts
